cohdb
Replays
Latest Replays
All Replays
Popular Replays
Top Player Replays
Match Explorer
How It Works
Community
CoH3 Stats
Reddit
Sign in to upload your games and track your stats! →
Sign in with Steam
Epic 2v2 ft. vet 3 StuG destroying Bratt Pitt x3
Match 37816180
Overview
Messages
Build Orders
End
Kettenkrad Recon Vehicle
Construct Infanterie Kompanie
Grenadier Squad
Grenadier Squad
MG 42 Machine Gun Team
Construct Luftwaffe Kompanie
Flak 30 Anti-aircraft Gun Team
Selects Mechanized Battlegroup
221 Scout Car
Selects Mobile Repair Stations
Infanterie Officer Quarters
Jäger Squad
Jäger Squad
Medical Bunker
Selects Wespe Self-propelled Artillery
Wespe Self-propelled Artillery
Luftwaffe Officer Quarters
Construct Panzer Kompanie
Selects Raid Package
Selects 8 Rad Armored Car
Selects UNKNOWN (2160084)
Panther Heavy Tank
Selects Mechanized Assault
Pioneer Squad
Panther Heavy Tank
Side Skirts
Mechanized Assault
Pioneer Squad
Pioneer Squad
Panther Heavy Tank
Mechanized Assault
aSIISymbiosis
Evelynn
Rommels Zirkus
番漢合時掌中珠
0
0
Comments
sign in to comment!
No comments posted yet!